 Dungeon Crawl Stone Soup version 0.31-a0-620-gd1cbd99268 (webtiles) character file.

Game seed: 748826968081966019

1964 heikuro the Shield-Bearer (level 9, -3/71 HPs)
             Began as a Formicid Fighter on Aug 23, 2023.
             Was an Elder of Wu Jian.
             Killed from afar by an orc wizard (5 damage)
             ... with a puff of flame
             ... on level 7 of the Dungeon.
             The game lasted 00:19:55 (5751 turns).

heikuro the Shield-Bearer (Formicid Fighter)        Turns: 5751, Time: 00:19:55

Health: -3/71      AC: 14    Str: 25    XL:     9   Next: 42%
Magic:  9/9        EV:  7    Int:  8    God:    Wu Jian [****..]
Gold:   329        SH:  6    Dex: 13    Spells: 8/8 levels left

rFire   . . .        r - +4 quarterstaff (chaos)
rCold   . . .        c - +0 buckler
rNeg    . . .        x - +0 plate armour
rPois   .            (helmet unavailable)
rElec   .            q - +0 cloak
rCorr   +            (no gloves)
SInv    +            (no boots)
Will    .....        (no amulet) Stlth
                     m - ring of resist corrosion
HPRegen 0.31/turn    b - ring of flight
MPRegen 0.11/turn

%: no passive effects
@: flying
A: permanent stasis, dig shafts and tunnels, antennae 3, four strong arms
a: Dig, Shaft Self, Renounce Religion, Wall Jump, Serpent's Lash


You were on level 7 of the Dungeon.
You worshipped Wu Jian.
Wu Jian was greatly pleased with you.
You visited 1 branch of the dungeon, and saw 7 of its levels.
You also visited: Sewer.

You collected 329 gold pieces.

Inventory:

Hand Weapons
 a - a +0 war axe
 g - a +0 dagger of venom
 r - a +4 quarterstaff of chaos (weapon)
 y - the +4 mace "Sarcophage" {heavy, Str+7}
   (You found it on level 3 of the Dungeon)

   Str+7:     It affects your strength (+7).
Missiles
 p - 5 javelins (quivered)
 t - 2 boomerangs
Armour
 c - a +0 buckler (worn)
 q - a +0 cloak (worn)
 x - a +0 plate armour (worn)
Jewellery
 b - a ring of flight (right hand)
 m - a ring of resist corrosion (left hand)
Wands
 v - a wand of digging (3)
 C - a wand of quicksilver (4)
 G - a wand of charming (3)
Scrolls
 e - 2 scrolls of identify
 h - 4 scrolls of blinking {unknown}
 l - a scroll of acquirement {unknown}
 o - 6 scrolls of enchant weapon {unknown}
 u - a scroll of amnesia {unknown}
 z - a scroll of summoning {unknown}
 A - a scroll of fear {unknown}
 D - 2 scrolls of fog {unknown}
 E - a scroll of teleportation {unknown}
 F - a scroll of revelation {unknown}
Potions
 f - 3 potions of attraction
 i - 2 potions of curing
 j - 2 potions of brilliance {unknown}
 k - 2 potions of degeneration {unknown}
 n - a potion of invisibility {unknown}
 s - a potion of cancellation {unknown}
 w - a potion of mutation {unknown}
 B - a potion of resistance


   Skills:
 + Level 6.5 Fighting
 * Level 7.7 Axes
 + Level 6.6 Armour
 + Level 7.9 Shields


You had 8 spell levels left.
You didn't know any spells.
Your spell library contained the following spells:

 Spells                   Type           Power      Damage    Failure   Level
 Slow                     Hex            0%         N/A       100%        1
 Ensorcelled Hibernation  Hex/Ice        0%         N/A       100%        2
 Passwall                 Tmut/Erth      0%         N/A       100%        2
 Confusing Touch          Hex            0%         N/A       100%        3
 Hailstorm                Conj/Ice       0%         3d3       100%        3
 Ozocubu's Armour         Ice            0%         N/A       100%        3
 Tukima's Dance           Hex            0%         N/A       100%        3
 Vampiric Draining        Necr           0%         2d6       100%        3
 Passage of Golubria      Tloc           0%         N/A       100%        4
 Summon Ice Beast         Ice/Summ       0%         N/A       100%        4
 Metabolic Englaciation   Hex/Ice        0%         N/A       100%        5
 Yara's Violent Unravell  Hex/Tmut       0%         3d3       100%        5
 Simulacrum               Ice/Necr       0%         N/A       100%        6
 Swiftness                Air            Unusable   N/A       N/A         3

Dungeon Overview and Level Annotations

Branches:
Dungeon (7/15)             Temple (0/1) D:7           Sewer (visited)

Altars:
Ashenzari
Makhleb
Nemelex Xobeh
Vehumet
Wu Jian
The Shining One

Shops:
D:4 [


Innate Abilities, Weirdness & Mutations

You cannot be hasted, slowed, berserked, paralysed or teleported.
You can dig through walls and to a lower floor.
You have a pair of large antennae on your head. (SInv)
Your four strong arms can wield two-handed weapons with a shield.


Message History

* * * LOW HITPOINT WARNING * * *
You spin and attack the orc wizard.
You closely miss the orc wizard.
The orc wizard is moderately wounded.
You spin and attack the orc priest.
You hit the orc priest.
The orc priest is poisoned.
The orc priest is heavily wounded.
You feel a little less mighty now. The orc priest barely misses you.
You closely miss the orc priest.
The orc priest hits you but does no damage.
The orc wizard hits you but does no damage.
The orc priest looks satisfied for a moment.
The orc priest hits you with a +0 hand axe.
* * * LOW HITPOINT WARNING * * *
You spin and attack the orc priest.
You hit the orc priest.
The orc priest is heavily wounded.
You spin and attack the orc wizard.
You hit the orc wizard. You drain the orc wizard.
The orc wizard is almost dead.
The orc wizard barely misses you.
The orc priest calls upon Beogh to heal the orc wizard.
The orc wizard is healed somewhat.
The orc priest mumbles some strange prayers to Beogh against you.
Beogh smites you!
* * * LOW HITPOINT WARNING * * *
You spin and attack the orc priest.
You barely miss the orc priest.
The orc priest is almost dead.
You spin to attack the orc wizard, but your attack speed is too slow for a blow to land.
The orc wizard hits you but does no damage.
The orc priest hits you but does no damage.
Unknown command.
You spin and attack the orc priest.
You sock the orc priest!
You kill the orc priest!
The Council accepts your kill.
You spin and attack the orc wizard.
You hit the orc wizard but do no damage.
The orc wizard is heavily wounded.
The orc wizard points at you and mumbles some strange words.
The puff of flame hits you.
You die...

........#.#.#.!..#######
#.....##.......#.#......
#.....#..#...#.#.#.#####
#.....#...#.#....#.#....
#.....#....>...###[##.##
#.........#.#....#.#....
#......o.#...#...#.#..##
#......o)........#.#..<.
...####.@.#).##.###.#####
#........##..#.# #......
#####....###.#.#########
#....# #............
#....# #.#.#########
#....# #.#.# #..### #.#..
##. #.#... #.#....


You could see an orc priest and an orc wizard (very drained).

Vanquished Creatures
  Prince Ribbit (D:7)
  Edmund (D:4)
  Duvessa (D:6)
  A sky beast (D:6)
  An ice beast (D:5)
  2 ogres
  2 centaurs (D:5)
  A phantom (D:5)
  2 bullfrogs (D:6)
  A necrophage (D:5)
  2 scorpions (D:5)
  Dowan (D:6)
  A howler monkey (D:5)
  2 hounds (D:5)
  2 orc priests
  Crazy Yiuf (D:2)
  2 jellies (D:4)
  3 iguanas
  4 orc wizards
  A hell rat (Sewer)
  A hound skeleton (D:5)
  4 adders
  3 river rats (Sewer)
  A shadow imp (D:6)
  A white imp (D:5)
  2 ufetubi
  3 worms
  3 dart slugs
  19 orcs
  5 bats
  2 endoplasms
  3 giant cockroaches
  4 goblins
  7 hobgoblins
  5 jackals
  4 quokkas
  4 ball pythons
  A frilled lizard (D:3)
  7 kobolds
  15 rats
126 creatures vanquished.

Notes
Turn   | Place    | Note
-------+----------+-------------------------------------------
     0 | D:1      | heikuro the Formicid Fighter began the quest for the Orb.
     0 | D:1      | Reached XP level 1. HP: 18/18 MP: 1/1
   237 | D:1      | Reached XP level 2. HP: 22/24 MP: 2/2
   442 | D:1      | Found a faded altar of an unknown god.
   455 | D:1      | Prayed at the altar of an unknown god.
   455 | D:1      | Became a worshipper of the Wu Jian Council
   455 | D:1      | Reached * piety under Wu Jian
   693 | D:2      | Reached XP level 3. HP: 28/29 MP: 3/3
   712 | D:2      | Identified the +1 helmet of Xecs {+Inv rF+ rN+}
   755 | D:2      | Found a runed translucent door.
   756 | D:2      | Noticed Crazy Yiuf
  1118 | D:2      | Reached XP level 4. HP: 37/37 MP: 4/4
  1485 | D:2      | Killed Crazy Yiuf
  1733 | D:3      | Found a radiant altar of Vehumet.
  1733 | D:3      | Found a sparkling altar of Nemelex Xobeh.
  1921 | D:3      | Reached ** piety under Wu Jian
  2004 | D:3      | Identified the +4 mace "Sarcophage" {heavy, Str+7}
  2129 | D:4      | Reached XP level 5. HP: 41/42 MP: 5/5
  2210 | D:4      | Found Genu's Armour Shoppe.
  2508 | D:4      | Reached skill level 5 in Shields
  2568 | D:4      | Noticed Edmund
  2681 | D:4      | Reached XP level 6. HP: 48/48 MP: 6/6
  2758 | D:4      | Identified the +0 trident of Premature Burial {drain,
                  | rPois}
  2843 | D:4      | Killed Edmund
  2844 | D:4      | Reached XP level 7. HP: 21/55 MP: 7/7
  3155 | D:5      | Entered Level 5 of the Dungeon
  3240 | D:5      | Reached skill level 5 in Axes
  3528 | D:5      | Reached skill level 5 in Fighting
  3528 | D:5      | Reached skill level 5 in Armour
  3580 | D:5      | Reached XP level 8. HP: 20/62 MP: 8/8
  3757 | D:5      | Reached *** piety under Wu Jian
  3825 | D:5      | Found a burning altar of Makhleb.
  3916 | D:5      | Found a broken altar of Ashenzari.
  4824 | D:6      | Reached XP level 9. HP: 53/69 MP: 9/9
  4870 | D:6      | Noticed Duvessa
  4876 | D:6      | Noticed Dowan
  4878 | D:6      | Killed Duvessa
  4888 | D:6      | Killed Dowan
  4897 | D:6      | Found a glowing golden altar of the Shining One.
  4966 | D:6      | Found a glowing drain.
  4971 | Sewer    | Entered a sewer
  5680 | D:7      | Noticed Prince Ribbit
  5692 | D:7      | Killed Prince Ribbit
  5738 | D:7      | Found a staircase to the Ecumenical Temple.
  5742 | D:7      | Reached **** piety under Wu Jian
  5749 | D:7      | HP: 1/71 [orc priest/divine providence (12)]
  5751 | D:7      | Killed from afar by an orc wizard

Illustrated notes

Levels and vault maps discovered:
D:1:      wander_arrival_abandoned_jail, layout_basic,
          shapermc_ecumenical_altar_mp_highgroup
D:2:      layout_loops_corners, uniq_crazy_yiuf_cottage
D:3:      layout_rooms, chequers_temple_overflow_statue_of_worship,
          serial_park_tiny_1, amethyst_killhole
D:4:      layout_basic, serial_shops, nicolae_shop_real_fake_doors,
          patterned_corridor, uniq_edmund
D:5:      layout_loops_corners, makhleb_blood_cavern_becter, lemuel_tele_altar,
          st_stairs_1
D:6:      layout_gridville, tso_metal_star, portal_sewer_entry_e, uniq_duvessa
D:7:      layout_basic, minmay_temple_entry_crystal_x, serial_shops, shop, shop,
          shop_statue, enter_bailey_7, uniq_prince_ribbit1

Skill      XL: |  1  2  3  4  5  6  7  8 |
---------------+-------------------------+-----
Axes           | 3 4 5 7 |  7.7
Fighting       | 4 5 6 |  6.5
Armour         | 4 5 6 |  6.6
Shields        | 5 6 7 |  7.9

Action                     |  1- 3 |  4- 6 |  7- 9 || total
---------------------------+-------+-------+-------++-------
  Melee: War axe           |    23 |       |       ||    23
         Dagger            |    74 |    15 |       ||    89
         Quarterstaff      |       |    23 |   174 ||   197
         Mace              |       |    44 |    67 ||   111
  Throw: Javelin           |       |     2 |     7 ||     9
Ability: Whirlwind         |    40 |    56 |   198 ||   294
         Dig               |     3 |       |       ||     3
         Lunge             |     2 |     2 |     7 ||    11
         Wall Jump         |       |       |     1 ||     1
    Use: Scroll            |       |       |     3 ||     3
         Potion            |       |       |     1 ||     1
 Armour: Scale mail        |    21 |    13 |       ||    34
         Plate armour      |       |    56 |   163 ||   219
  Dodge: Dodged            |    40 |    30 |    95 ||   165
  Block: Buckler           |    23 |    24 |    77 ||   124

Table legend: (Time is in decaauts)
 A = Elapsed time spent in this place.
 B = Non-inter-level travel time spent in this place.
 C = Inter-level travel time spent in this place.
 D = Time resting spent in this place.
 E = Time spent auto-exploring this place.
 F = Levels seen in this place.
 G = Mean time per level.
                   A        B        C        D        E       F      G
               +--------+--------+--------+--------+--------+-----+--------+
         Total |   5792 |   5573 |    219 |    426 |   2784 |   8 |  724.0 |
       Dungeon |   5623 |   5404 |    219 |    426 |   2710 |   7 |  803.3 |
         Sewer |    169 |    169 |      0 |      0 |     74 |   1 |  169.0 |
               +--------+--------+--------+--------+--------+-----+--------+

Top non-repeatable levels by time:
     D:5: 1551 daAuts
     D:2: 1054 daAuts
     D:4: 1053 daAuts
     D:6: 773 daAuts
     D:1: 651 daAuts
     D:3: 426 daAuts
   Sewer: 169 daAuts
     D:7: 113 daAuts
